 Dungeon Crawl Stone Soup version 0.31-a0-174-g85c54bcb58 (webtiles) character file.

Game seed: 15580677682712356774

387 qw the Chopper (level 6, -3/38 HPs)
             Began as a Gargoyle Fighter on June 15, 2023.
             Slain by a gnoll
             ... wielding a +0 spear
              (7 damage)
             ... on level 4 of the Dungeon.
             The game lasted 00:01:00 (2349 turns).

qw the Chopper (Gargoyle Fighter)                   Turns: 2349, Time: 00:01:01

Health: -3/38      AC: 17    Str: 22    XL:     6   Next: 78%
Magic:  6/6        EV: 10    Int:  8    God:
Gold:   104        SH:  5    Dex: 18    Spells: 5/5 levels left

rFire   . . .        Y - +1 war axe
rCold   . . .        c - +0 buckler
rNeg    + . .        b - +0 scale mail
rPois   inf          (no helmet)
rElec   +            a - +4 cloak "Jemuf" {Dex+3}
rCorr   .            (no gloves)
SInv    .            h - +0 pair of boots
Will    .....        f - amulet of regeneration Stlth
                     q - +6 ring of dexterity
HPRegen 1.06/turn    (no ring)
MPRegen 0.10/turn

%: no passive effects
@: no status effects
A: sickness immunity, AC +4, negative energy resistance 1, electricity
resistance, torment resistance 1, petrification resistance
a: no special abilities


You were on level 4 of the Dungeon.
You visited 1 branch of the dungeon, and saw 4 of its levels.

You collected 104 gold pieces.


Innate Abilities, Weirdness & Mutations

You are immune to sickness and miasma.
Your stone body is resilient. (AC +4)
You are immune to poison.
You resist negative energy. (rN+)
You are resistant to electric shocks. (rElec)
You are resistant to unholy torment.
You are immune to petrification.


   Skills:
 - Level 4.0 Fighting
 + Level 5.4 Axes
 - Level 3.2 Armour
 - Level 2.2 Dodging
 - Level 3.2 Shields


You had 5 spell levels left.
You didn't know any spells.
Your spell library was empty.

Inventory:

Hand Weapons
 i - a +2 flail of holy wrath
 Y - a +1 war axe (weapon)
Missiles
 n - 2 boomerangs (quivered)
Armour
 a - the +4 cloak "Jemuf" (worn) {Dex+3}
   (You acquired it on level 1 of the Dungeon)

   Dex:       It affects your dexterity (+3).
 b - a +0 scale mail (worn)
 c - a +0 buckler (worn)
 h - a +0 pair of boots (worn)
 r - an orb of guile
Jewellery
 f - an amulet of regeneration (around neck)
 q - a +6 ring of dexterity (left hand)
Scrolls
 m - a scroll of identify
Potions
 d - 2 potions of might
 e - a potion of haste
 g - a potion of degeneration {unknown}
 j - a potion of curing {unknown}
 k - a potion of heal wounds {unknown}
 l - a potion of berserk rage {unknown}
 o - a potion of ambrosia {unknown}
 p - a potion of lignification {unknown}

Dungeon Overview and Level Annotations

Branches:
Dungeon (4/15)
 Temple: D:4-7

Altars:
Qazlal
Uskayaw
Vehumet

Shops:
D:4 [

Annotations:
D:3 2 runed translucent doors, qw's ghost, amateur GrHu


Message History

You hit the gnoll sergeant but do no damage.
You barely miss the gnoll. x2
A gnoll comes into view. It is wielding a +0 whip.
The gnoll sergeant hits you but does no damage.
The gnoll barely misses you. The gnoll hits you with a +0 halberd.
You hit the gnoll sergeant but do no damage.
You slash the gnoll! You barely miss the gnoll. You slash the gnoll! x2
You block the gnoll's attack. The gnoll hits you with a +0 club.
The gnoll hits you but does no damage. The gnoll sergeant barely misses you.
The gnoll barely misses you. The gnoll hits you with a +0 halberd.
The gnoll hits you but does no damage.
You slash the gnoll!
You kill the gnoll!
You closely miss the gnoll. You hit the gnoll sergeant. You hit the gnoll.
You kill the gnoll!
You closely miss the gnoll. The gnoll hits you but does no damage.
The gnoll sergeant hits you with a +0 spear!
The gnoll hits you with a +0 halberd! The gnoll barely misses you.
The gnoll hits you but does no damage. The gnoll sergeant closely misses you.
You slash the gnoll!
You kill the gnoll!
You completely miss the gnoll sergeant. You hit something. You hit the gnoll.
Something hits you. You block the gnoll's attack.
The gnoll hits you but does no damage.
The gnoll sergeant hits you with a +0 spear.
Something hits you but does no damage.
You slash the gnoll!
You kill the gnoll!
You barely miss something. You hit the gnoll sergeant.
The gnoll closely misses you. You block the gnoll sergeant's attack.
Something hits you but does no damage.
You hit the gnoll sergeant but do no damage.
The gnoll sergeant is lightly wounded.
You hit something but do no damage. You block the gnoll's attack.
The gnoll sergeant hits you with a +0 spear.
Something hits you but does no damage.
The gnoll hits you from afar with a +0 spear!
You die...

~~ ...... ~~
~.###....###. .P
~~#......#~ ..~ ~........
# .~~~ #...... ~ #
.~~.###...g## .~~ #
~~~~#..gg{.#~~~~
.~~~...)@)..~~~~
.~~#....).#~~~~ ##....##
~ #......# #####
##......## ### #...#
#####.......).. #..
####.###...#...##.#######
#.# .#.\....###.........
.....#####.# .#..###.#
#.######.###...........


You could see a gnoll sergeant and 2 gnolls.

Vanquished Creatures
  A sky beast (D:3)
  A black bear (D:3)
  A scorpion (D:4)
  A jelly (D:3)
  5 gnolls (D:4)
  An adder (D:2)
  A dart slug (D:3)
  6 orcs
  6 endoplasms
  A giant cockroach (D:1)
  2 goblins
  6 hobgoblins
  3 quokkas
  A ball python (D:1)
  4 bats
  3 frilled lizards
  5 kobolds
  5 rats
53 creatures vanquished.

Notes
Turn   | Place    | Note
-------+----------+-------------------------------------------
     0 | D:1      | qw the Gargoyle Fighter began the quest for the Orb.
     0 | D:1      | Reached XP level 1. HP: 14/14 MP: 1/1
     0 | D:1      | 0 ||| qw: Version: 0.2-a-29-g511e9b1
     0 | D:1      | 0 ||| qw: Game counter: 5257
     0 | D:1      | 0 ||| qw: Always use a shield: true
     0 | D:1      | 0 ||| qw: God list: Okawaru
     0 | D:1      | 0 ||| qw: Allow faded altars: false
     0 | D:1      | 0 ||| qw: Do Orc after D:15 true
     0 | D:1      | 0 ||| qw: Do second Lair branch before Depths: true
     0 | D:1      | 0 ||| qw: Lair rune preference: random
     0 | D:1      | 0 ||| qw: Plans: Normal, Zot:1-4, Slime:5, God:TSO, Crypt,
                  | Tomb, Abyss, Pan, Hells, Win
     0 | D:1      | 0 ||| PLANNING D:1-11
    30 | D:1      | Reached skill level 2 in Axes
   141 | D:1      | Reached XP level 2. HP: 19/19 MP: 2/2
   153 | D:1      | 153 ||| Stepping ~*~*~tactically~*~*~ (hiding).
   154 | D:1      | 154 ||| Stepping ~*~*~tactically~*~*~ (hiding).
   596 | D:1      | Reached skill level 3 in Axes
   786 | D:1      | 786 ||| READING scroll labelled WUIROSSEGOS.
   786 | D:1      | Identified a scroll of acquirement
   786 | D:1      | 786 ||| ACQUIRING +4 cloak "Jemuf" {Dex+3}
   786 | D:1      | Acquired the +4 cloak "Jemuf" {Dex+3}
   788 | D:1      | 788 ||| UPGRADING to +4 cloak "Jemuf" {Dex+3}.
   793 | D:1      | 793 ||| READING scroll labelled GYFRAA USTRAEREDI.
   794 | D:1      | 794 ||| READING 3 scrolls labelled JETHOSOCLE.
   795 | D:1      | 795 ||| READING scroll labelled ASTREB DAFUWEO.
   796 | D:1      | 796 ||| READING scroll labelled CINUTU FOMIM.
   797 | D:1      | 797 ||| DROPPING 2 scrolls of blinking.
   815 | D:2      | Reached XP level 3. HP: 23/23 MP: 3/3
   899 | D:2      | 899 ||| DROPPING +0 whip.
  1388 | D:2      | 1388 ||| UPGRADING to amulet of regeneration.
  1393 | D:2      | 1393 ||| READING 2 scrolls labelled HERIELO HASKE.
  1394 | D:2      | 1394 ||| READING scroll labelled LUFOLIP WADIESH.
  1395 | D:2      | 1395 ||| READING scroll labelled PULUOJ GUUHO.
  1396 | D:2      | 1396 ||| READING scroll labelled ERAIJ NIGOTO.
  1397 | D:2      | 1397 ||| READING 2 scrolls of identify.
  1397 | D:2      | 1397 ||| IDENTIFYING grey potion
  1398 | D:2      | 1398 ||| DROPPING scroll of fog.
  1441 | D:3      | Noticed a +0 falchion
  1441 | D:3      | Noticed a +0 short sword
  1441 | D:3      | Noticed a +0 short sword
  1443 | D:3      | Noticed a +0 falchion
  1443 | D:3      | Noticed a +0 dagger
  1444 | D:3      | Noticed a +0 spear
  1444 | D:3      | Noticed a +0 spear
  1445 | D:3      | Noticed a +0 dagger
  1449 | D:3      | Found a hide-covered altar of Uskayaw.
  1495 | D:3      | Found a runed translucent door.
  1496 | D:3      | Found a stormy altar of Qazlal.
  1496 | D:3      | Noticed a sky beast
  1497 | D:3      | 1497 ||| UPGRADING to +0 pair of boots.
  1523 | D:3      | Killed a sky beast
  1524 | D:3      | Reached skill level 4 in Axes
  1524 | D:3      | Reached XP level 4. HP: 28/28 MP: 4/4
  1524 | D:3      | Reached XP level 5. HP: 32/32 MP: 5/5
  1795 | D:3      | Noticed a black bear
  1799 | D:3      | Killed a black bear
  1800 | D:3      | Reached XP level 6. HP: 36/37 MP: 6/6
  1874 | D:3      | Reached skill level 5 in Axes
  1887 | D:3      | Noticed qw's ghost (amateur GrHu)
  1934 | D:3      | Found a runed translucent door.
  2077 | D:3      | 2077 ||| DROPPING +6 ring of intelligence.
  2078 | D:3      | 2078 ||| UPGRADING to +6 ring of dexterity.
  2130 | D:4      | 2130 ||| DROPPING +0 mace.
  2238 | D:4      | Found a radiant altar of Vehumet.
  2310 | D:4      | Found Azygyva's Antique Armour Shop.
  2319 | D:4      | 2319 ||| SHOPLISTING glowing chain mail (247 gold, have
                  | 104).
  2319 | D:4      | 2319 ||| SHOPLISTING runed helmet (247 gold, have 104).
  2319 | D:4      | 2319 ||| SHOPLISTING shiny plate armour (858 gold, have
                  | 104).
  2333 | D:4      | 2333 ||| Stepping ~*~*~tactically~*~*~ (stealth).
  2346 | D:4      | HP: 4/38 [gnoll/+0 halberd[a gnoll sergeant] (8)]
  2349 | D:4      | Slain by a gnoll

Levels and vault maps discovered:
D:1:      dpeg_arrival_water_temple_mockup, layout_loops_ring
D:2:      layout_basic, grunt_decor_fettered, amcnicky_mini_rare_corridor_liquid
D:3:      layout_loops_ring, nicolae_uskayaw_en_pointe,
          nicolae_qazlal_beasts_of_the_sky, ebering_ghost_sewer_f
D:4:      wad_lake_hut, layout_loops_ring, old_standard_altar, serial_shops,
          shop

Skill      XL: |  1  2  3  4  5  6 |
---------------+-------------------+-----
Axes           | 2 3 4 5 |  5.4
Dodging        | 2 |  2.2
Fighting       | 4 |  4.0
Armour         | |  3.2
Shields        | |  3.2

Action                     |  1- 3 |  4- 6 || total
---------------------------+-------+-------++-------
  Melee: War axe           |   101 |    42 ||   143
  Throw: Boomerang         |       |    20 ||    20
    Use: Scroll            |    10 |       ||    10
 Armour: Scale mail        |    49 |    29 ||    78
  Dodge: Dodged            |    40 |    24 ||    64
  Block: Buckler           |    18 |    13 ||    31

Table legend:
 A = Non-vault XP
 B = Vault XP
 C = Vault XP percentage of total XP
 D = Non-vault monster count
 E = Vault monster count
 F = Vault count percentage of total count
                 A         B        C        D         E       F
            +---------+---------+-------+---------+---------+-------
      Total |     415 |     139 |  25.1 |      52 |       1 |   1.9
            +---------+---------+-------+---------+---------+-------
        D:1 |      32 |       0 |   0.0 |      21 |       0 |   0.0
        D:2 |      19 |       0 |   0.0 |       6 |       0 |   0.0
        D:3 |     192 |     139 |  42.0 |      10 |       1 |   9.1
        D:4 |     172 |       0 |   0.0 |      15 |       0 |   0.0
            +---------+---------+-------+---------+---------+-------
